 Dungeon Crawl Stone Soup version 0.32-a0-960-g3814254bd7 (webtiles) character file.

Game seed: 17551738267977511249

3847 Griffin23 the Carver (level 9, -13/83 HPs)
             Began as a Minotaur Fighter on Apr 16, 2024.
             Was a Follower of Nemelex Xobeh.
             Mangled by a komodo dragon (15 damage)
             ... on level 8 of the Dungeon on Apr 17, 2024.
             The game lasted 00:13:28 (8527 turns).

Griffin23 the Carver (Minotaur Fighter)             Turns: 8527, Time: 00:13:29

Health: -13/83     AC: 14    Str: 25    XL:     9   Next: 98%
Magic:  9/9        EV:  6    Int:  5    God:    Nemelex Xobeh [*.....]
Gold:   400        SH:  0    Dex: 22    Spells: 8/8 levels left

rFire   . . .        C - +0 great sword
rCold   . . .        (shield currently unavailable)
rNeg    + . .        k - +0 plate armour
rPois   .            (helmet restricted)
rElec   .            (no cloak)
rCorr   .            (no gloves)
SInv    +            (no boots)
Will    .....        j - amulet "Lonof" {rN+ RegenMP+ SInv} Stlth
                     p - +6 ring of dexterity
HPRegen 0.33/turn    r - +6 ring of dexterity
MPRegen 0.51/turn

%: no passive effects
@: studying Unarmed Combat
A: horns 2, retaliatory headbutt
a: Renounce Religion, Draw Escape, Draw Destruction, Draw Summoning


You were on level 8 of the Dungeon.
You worshipped Nemelex Xobeh.
Nemelex Xobeh was aware of your devotion.
You visited 2 branches of the dungeon, and saw 10 of its levels.

You collected 400 gold pieces.

Inventory:

Hand Weapons
 a - a +0 long sword
 t - a +1 long sword of holy wrath
 y - a +2 long sword of freezing
 C - a +0 great sword (weapon)
Missiles
 x - 20 boomerangs (quivered)
 H - 2 throwing nets
Armour
 b - a +0 scale mail
 c - a +0 buckler
 k - a +0 plate armour (worn)
 I - a +2 buckler
Jewellery
 f - an amulet of the acrobat
 j - the amulet "Lonof" (around neck) {rN+ RegenMP+ SInv}
   (You found it on level 7 of the Dungeon)

   [amulet of magic regeneration]

   It increases your rate of magic regeneration.
   rN+:       It protects you from negative energy.
   SInv:      It lets you see invisible.
   RegenMP+:  It increases your rate of magic regeneration.
 p - a +6 ring of dexterity (left hand)
 r - a +6 ring of dexterity (right hand)
 F - a ring of positive energy
Wands
 u - a wand of flame (26)
 v - a wand of paralysis (19)
 A - a wand of iceblast (12)
Scrolls
 e - 2 scrolls of blinking {unknown}
 h - 5 scrolls of enchant armour
 i - 4 scrolls of immolation
 m - 4 scrolls of vulnerability
 o - 4 scrolls of amnesia
 q - 6 scrolls of teleportation
 s - 2 scrolls of revelation {unknown}
 z - 2 scrolls of poison
 B - 2 scrolls of enchant weapon {unknown}
 E - a scroll of noise {unknown}
 G - a scroll of silence {unknown}
Potions
 d - 2 potions of curing
 g - a potion of ambrosia
 l - 2 potions of degeneration
 n - 2 potions of invisibility
 w - a potion of haste
 D - 2 potions of mutation


   Skills:
 + Level 9.1 Fighting
 * Level 11.8 Long Blades
 + Level 9.1 Armour
 - Level 4.8 Shields
 + Level 1.5 Invocations
 + Level 1.5 Evocations


You had 8 spell levels left.
You didn't know any spells.
Your spell library contained the following spells:

 Spells                   Type           Power      Damage    Failure   Level
 Freeze                   Ice            0%         1d3       99%         1
 Magic Dart               Conj           0%         1d3       99%         1
 Blink                    Tloc           0%         N/A       100%        2
 Call Imp                 Summ           0%         N/A       100%        2
 Jinxbite                 Hex            0%         N/A       100%        2
 Mercury Vapours          Alch/Air       0%         N/A       100%        2
 Sublimation of Blood     Necr           0%         N/A       100%        2
 Frozen Ramparts          Ice            0%         1d1       100%        3
 Hailstorm                Conj/Ice       0%         3d5       100%        3
 Mephitic Cloud           Conj/Alch/Air  0%         N/A       100%        3
 Summon Blazeheart Golem  Fire/Summ      0%         N/A       100%        4
 Freezing Cloud           Conj/Ice/Air   0%         6-21      100%        5
 Yara's Violent Unravell  Hex/Alch       0%         3d3       100%        5
 Enfeeble                 Hex            0%         N/A       100%        7
 Orb of Destruction       Conj           0%         9d5       100%        7
 Spellforged Servitor     Conj/Summ      0%         N/A       100%        7
 Summon Hydra             Summ           0%         N/A       100%        7


Dungeon Overview and Level Annotations

Branches:
Dungeon (9/15)             Temple (1/1) D:7            Lair (0/5) D:9
    Orc: D:9-12

Altars:
Ashenzari
Cheibriados
Dithmenos
Elyvilon
Fedhas
Kikubaaqudgha
Makhleb
Nemelex Xobeh
Qazlal
Ru
Sif Muna
Trog
Vehumet
Wu Jian
Xom
Yredelemnul
Zin
The Shining One

Shops:
D:1 (   D:4 (   D:5 *

Annotations:
D:4 2 transporters, osoart's ghost, novice KoHu


Innate Abilities, Weirdness & Mutations

You have a pair of horns on your head.
You reflexively headbutt those who attack you in melee.


Message History

You kill the bullfrog!
No target in view!
No target in view!
You start resting.
HP restored.
You climb downwards.
The centaur shoots an arrow.
The arrow hits you!
The centaur shoots an arrow.
The arrow hits you.
The centaur warrior shoots an arrow.
The arrow hits you but does no damage.
There is a stone staircase leading up here.
The centaur shoots an arrow.
The arrow hits you!
The centaur warrior shoots an arrow.
The arrow hits you but does no damage.
The centaur shoots an arrow.
The arrow barely misses you.
The centaur warrior shoots an arrow.
The arrow hits you.
The centaur warrior shoots an arrow.
The arrow hits you!
You hear an angry hiss.
A basilisk comes into view.
The centaur warrior shoots an arrow.
The arrow hits you!
Okay, then.
The komodo dragon bites you!
You climb upwards.
There is a stone staircase leading down here.
You are too injured to fight recklessly!
You feel better. The komodo dragon barely misses you.
You closely miss the komodo dragon. The komodo dragon bites you!!
* * * LOW HITPOINT WARNING * * *
You draw a card...
You have drawn Wild Magic.
Nothing appears to happen.
The komodo dragon bites you but does no damage.
You draw a card...
You have drawn Wild Magic.
Nothing appears to happen.
The komodo dragon bites you!
* * * LOW HITPOINT WARNING * * *
Okay, then.
As you read the scroll labelled QOFFUB WOOFARGH, it crumbles to dust.
It is a scroll of amnesia.
You feel forgetful for a moment.
The komodo dragon bites you but does no damage.
The air fills with toxic fumes!
As you read the scroll labelled NIRIAP PASAONK, it crumbles to dust.
It was a scroll of poison.
The komodo dragon bites you!
You die...
Your body disappears without a glow.

.....#
##...........##
#........ ..####
#§§§§§§§§§§§§##
##....... ###
#§§§§§§§§§§§§§##
##......
#§§§§§§§§§§§§§§#
##....#
##§§§§§§§§§§§§§##
#....# #####
#§§§§§§§§§§§§§§##
##..## ....##
#§§§§§§§§§§§§§§.#
#### .....##
#§§§§§§§§§§§§§§.##
......##
##§§§§§@§§§§§§§..#
.......#
#§§§§l§§§§§§§§..##
.......##
#§§§§§§§§§§§§§...#
........#
##§§§§§§§§§§§§.###
........#
#§§§§§§§§§§§§##
........##
##§§§§§§§§§### ##
.........#
#§§§§§§§§## ###.
.........#
##§§§§§§##
#######.).
.........#
#.......###..##<.)##


You could see a komodo dragon.

Vanquished Creatures
  Maggie (D:6)
  A wraith (D:7)
  A yak (D:4)
  A steam dragon (D:8)
  4 water moccasins
  2 orc warriors (D:8)
  3 ice beasts
  3 black bears
  2 ogres
  2 bullfrogs (D:8)
  7 scorpions
  A gnoll sergeant (D:8)
  A wight (D:5)
  5 killer bees (D:7)
  A howler monkey (D:5)
  2 jellies
  A bombardier beetle (D:5)
  2 hounds
  2 gnoll boudas
  6 orc priests
  A sleepcap (D:8)
  4 iguanas
  4 orc wizards
  13 gnolls
  4 adders
  A shadow imp (D:6)
  A dart slug (D:4)
  21 orcs
  8 ball pythons
  4 endoplasms
  2 giant cockroaches
  7 goblins
  7 hobgoblins
  4 jackals (D:2)
  A quokka (D:5)
  7 bats
  2 frilled lizards
  5 kobolds
  5 rats
149 creatures vanquished.

Notes
Turn   | Place    | Note
-------+----------+-------------------------------------------
     0 | D:1      | Griffin23 the Minotaur Fighter began the quest for the Orb.
     0 | D:1      | Reached XP level 1. HP: 19/19 MP: 0/0
   123 | D:1      | Found Ryvuenad's Weapon Shoppe.
   224 | D:1      | Found a faded altar of an unknown god.
   234 | D:1      | Reached XP level 2. HP: 27/27 MP: 1/1
   903 | D:2      | Reached skill level 3 in Long Blades
   910 | D:2      | Reached XP level 3. HP: 33/33 MP: 2/2
  1678 | D:3      | Identified the +11 sling "Gorgh" {flame, rElec rCorr Str+3}
  1958 | D:3      | Identified the +7 dagger of Bile {protect, Will- Str+5
                  | Int-5}
  2060 | D:3      | Found a radiant altar of Vehumet.
  2549 | D:4      | Reached XP level 4. HP: 41/41 MP: 3/3
  2675 | D:4      | Found Coru's Antique Weapon Shoppe.
  2679 | D:4      | Found a transporter.
  2681 | D:4      | Found a transporter.
  2681 | D:4      | Noticed osoart's ghost (novice KoHu)
  2690 | D:4      | Noticed a phantom
  2716 | D:4      | Found a glowing golden altar of the Shining One.
  2719 | D:4      | Found a white marble altar of Elyvilon.
  2720 | D:4      | Found a glowing silver altar of Zin.
  2886 | D:4      | Reached skill level 4 in Long Blades
  3142 | D:5      | Entered Level 5 of the Dungeon
  3147 | D:5      | Reached XP level 5. HP: 36/47 MP: 4/4
  3383 | D:5      | Reached skill level 5 in Fighting
  3383 | D:5      | Reached skill level 5 in Long Blades
  3383 | D:5      | Reached XP level 6. HP: 55/56 MP: 5/5
  3450 | D:5      | Reached skill level 5 in Armour
  3595 | D:5      | Noticed a yak
  3615 | D:4      | Reached skill level 6 in Long Blades
  3615 | D:4      | Reached XP level 7. HP: 8/61 MP: 6/6
  3906 | D:4      | Killed a yak
  4169 | D:5      | Found Hamic's General Store.
  4171 | D:5      | Found Zucwe's Specific Store.
  4321 | D:5      | Reached skill level 7 in Long Blades
  4322 | D:5      | HP: 2/63 [gnoll/+0 flail[a gnoll bouda] (2)]
  4675 | D:6      | Reached XP level 8. HP: 40/71 MP: 7/7
  4676 | D:6      | Upgraded the game from 0.32-a0-953-g508020473e to
                  | 0.32-a0-960-g3814254bd7
  4874 | D:6      | Reached skill level 8 in Long Blades
  5045 | D:6      | Noticed Maggie
  5060 | D:6      | Killed Maggie
  5265 | D:6      | Found an ornate altar of the Wu Jian Council.
  5517 | D:6      | Reached skill level 9 in Long Blades
  5576 | D:7      | Found a staircase to the Ecumenical Temple.
  5589 | Temple   | Entered the Ecumenical Temple
  5598 | Temple   | Became a worshipper of Nemelex Xobeh the Trickster
  5628 | D:7      | Found a burning altar of Makhleb.
  5628 | D:7      | Found a snail-covered altar of Cheibriados.
  5632 | D:7      | Found a stormy altar of Qazlal.
  5822 | D:7      | Reached XP level 9. HP: 70/81 MP: 8/8
  5822 | D:7      | Found a broken altar of Ashenzari.
  5836 | D:7      | Reached skill level 10 in Long Blades
  5993 | D:7      | Identified the amulet "Lonof" {rN+ RegenMP+ SInv}
  6027 | D:7      | HP: 4/81 [poisoned by a killer bee]
  6432 | D:7      | Found a bloodstained altar of Trog.
  6503 | D:7      | Found a shadowy altar of Dithmenos.
  6504 | D:7      | Found a basalt altar of Yredelemnul.
  6911 | D:8      | Reached skill level 11 in Long Blades
  7024 | D:8      | Identified the +5 orcbow of Joigumna {drain, rPois rCorr}
  7038 | D:8      | Reached * piety under Nemelex Xobeh
  7442 | D:8      | Reached skill level 1 in Invocations
  7773 | D:8      | Reached skill level 1 in Evocations
  7921 | D:8      | Received a gift from Nemelex Xobeh
  8405 | D:9      | Found a staircase to the Lair.
  8407 | D:9      | Noticed a komodo dragon
  8407 | D:9      | Noticed a centaur warrior
  8525 | D:8      | HP: 2/83 [komodo dragon (15)]
  8527 | D:8      | Mangled by a komodo dragon

Illustrated notes

Levels and vault maps discovered:
D:1:      tarquinn_simple_flora_water_e, layout_loops_ring,
          nicolae_ecumenical_snake_handling, serial_shops, shop
D:2:      layout_basic, minmay_tree_intersection
D:3:      layout_loops_corners, vehumet_altar_wand_db,
          chequers_serial_rivers_small_3
D:4:      layout_basic, dreamdust_divine_triumvirate, serial_shops, shop,
          gammafunk_ghost_mausoleum, minmay_misc_feat_secret_circle
D:5:      layout_gridville, nicolae_specific_store, serial_bayou_pond_c,
          minmay_manual_mess
D:6:      layout_cave_pools, pdpol_wu_jian_five_deadly_venoms, serial_glass,
          glass_columns_a, glass_columns_a, uniq_maggie
D:7:      old_forge, layout_cave_pools, mainiacjoe_overflow_divided_tiny,
          nicolae_overflow_macrodata_refinement, mainiacjoe_overflow_alcove_1,
          minmay_temple_entry_waves
D:8:      layout_cave_pods
D:9:      layout_loops_ring, lemuel_crystal_altar, nicolae_uskayaw_dance_hall,
          dpeg_lair_monsters, minmay_orc_entry_temple_small, serial_shops,
          nicolae_shop_bloodbath_and_beyond
Temple:   hellmonk_temple_flake

Skill      XL: |  1  2  3  4  5  6  7  8  9 |
---------------+----------------------------+-----
Fighting       | 4 5 6 7 9 |  9.1
Shields        | 4 |  4.8
Armour         | 4 5 6 7 9 |  9.1
Long Blades    | 3 4 5 6 7 9 11 | 11.8
Invocations    | 1 |  1.5
Evocations     | 1 |  1.5

Action                     |  1- 3 |  4- 6 |  7- 9 || total
---------------------------+-------+-------+-------++-------
  Melee: Long sword        |    91 |    58 |       ||   149
         Headbutt          |     7 |    16 |    49 ||    72
         Great sword       |       |    25 |   221 ||   246
 Invoke: Draw Destruction  |       |       |     2 ||     2
    Use: Scroll            |       |       |    13 ||    13
         Potion            |       |       |     7 ||     7
 Armour: Scale mail        |    27 |       |       ||    27
         Plate armour      |    53 |   104 |   401 ||   558
         Skin              |       |       |    11 ||    11
  Dodge: Dodged            |    31 |    28 |   123 ||   182
  Block: Buckler           |    16 |    10 |       ||    26

Table legend: (Time is in decaauts)
 A = Elapsed time spent in this place.
 B = Non-inter-level travel time spent in this place.
 C = Inter-level travel time spent in this place.
 D = Time resting spent in this place.
 E = Time spent auto-exploring this place.
 F = Levels seen in this place.
 G = Mean time per level.
                   A        B        C        D        E       F      G
               +--------+--------+--------+--------+--------+-----+--------+
         Total |   8648 |   8383 |    265 |   1458 |   5554 |  10 |  864.8 |
       Dungeon |   8486 |   8240 |    246 |   1335 |   5554 |   9 |  942.9 |
        Temple |    162 |    144 |     18 |    123 |      0 |   1 |  162.0 |
               +--------+--------+--------+--------+--------+-----+--------+

Top non-repeatable levels by time:
     D:8: 1465 daAuts
     D:7: 1404 daAuts
     D:6: 1034 daAuts
     D:5: 1009 daAuts
     D:4: 994 daAuts
     D:3: 909 daAuts
     D:2: 847 daAuts
     D:1: 805 daAuts
  Temple: 162 daAuts
     D:9: 15 daAuts
